 Dungeon Crawl Stone Soup version 0.19.1-1-g22dce08 (webtiles) character file.

39 galech the Ducker (level 3, 17/17 HPs)
             Began as a Felid Berserker on Jan 5, 2017.
             Was a Believer of Trog.
             Quit the game on level 2 of the Dungeon.
             The game lasted 00:05:39 (2806 turns).

galech the Ducker (Felid Berserker)                 Turns: 2806, Time: 00:05:40

Health: 17/17      AC:  1    Str: 13    XL:     3   Next: 28%
Magic:  4/4        EV: 20    Int:  8    God:    Trog [**....]
Gold:   80         SH:  0    Dex: 16    Spells: 0 memorised, 2 levels left
                                        Lives:  0   Deaths: 1

rFire  . . .     SeeInvis +       - Unarmed
rCold  . . .     Gourm    .     (armour unavailable)
rNeg   . . .     Faith    .     (shield unavailable)
rPois  .         Spirit   .     (helmet unavailable)
rElec  .         Reflect  .     (cloak unavailable)
rCorr  .         Harm     .     (gloves unavailable)
MR     .....                    (boots unavailable)
Stlth  ++........               f - amulet of inaccuracy (curse)
                                (no ring)
                                (no ring)

@: quick
A: no armour, no weapons or thrown items, stealth, claws 1, fangs 3, see
invisible, carnivore 3, speed 1, shaggy fur 1, slow metabolism 1, sharp paws
a: Berserk, Trog's Hand, Burn Spellbooks, Renounce Religion


You were on level 2 of the Dungeon.
You worshipped Trog.
Trog was pleased with you.
You were not hungry.

You visited 1 branch of the dungeon, and saw 2 of its levels.

You collected 80 gold pieces.

Inventory:

Jewellery
 f - a cursed amulet of inaccuracy (around neck)
Wands
 l - a wand of polymorph (10/24)
Scrolls
 b - a scroll of blinking {unknown}
 c - a scroll of fear
 d - 2 scrolls of enchant weapon {unknown}
 j - a scroll of enchant armour {unknown}
 m - a scroll of teleportation {unknown}
Potions
 e - 2 potions of curing
 g - a potion of berserk rage {unknown}
 h - a potion of flight {unknown}
 i - a potion of degeneration {unknown}
 k - 2 potions of lignification {unknown}
Comestibles
 a - 2 meat rations


   Skills:
 + Level 3.5 Fighting
 + Level 4.8 Dodging
 + Level 0.8 Stealth
 + Level 4.2 Unarmed Combat


You had 2 spell levels left.
You didn't know any spells.

Dungeon Overview and Level Annotations

Branches:
Dungeon (2/15)

Altars:


Innate Abilities, Weirdness & Mutations

You cannot wear armour.
You are incapable of wielding weapons or throwing items.
Your paws allow you to move quietly. (Stealth)
You have sharp claws.
You have razor-sharp teeth.
You have supernaturally acute eyesight. (SInv)
You are carnivorous and can eat meat at any time.
You cover ground quickly.
You are covered in fur. (AC +1)
You have a slow metabolism.
Your sharp claws are effective at attacking unaware monsters.


Message History

The adder is heavily wounded.
* * * LOW HITPOINT WARNING * * *
You feel sick. The adder closely misses you. x2
Unknown command.
You barely miss the adder. You bite the adder.
The adder is almost dead.
The adder completely misses you.
You scratch the adder.
You kill the adder!
Trog accepts your kill. The hobgoblin barely misses you.
* * * LOW HITPOINT WARNING * * *
You feel sick.
You see here a stone.
There is an open door here.
You die...
You feel sick.
You are now level 3!
You rejoin the land of the living...
Are you sure you want to abandon this character and quit the game? (Confirm with "yes".)

## . #. ##. #. #..
#. #.# ## #. #..
.... #. #.# #..
#######. #.#
#..##....... ##@#
#..........#
#.......#..........#
#.#####.#..........#
##.# #............#
#..#
#########'######
###.####.....###.#
#......'.....'...#
##.#####.....#####
#.# #######


There were no monsters in sight!

Vanquished Creatures
  3 adders (D:2)
  A dart slug (D:1)
  3 leopard geckos
  7 giant cockroaches
  9 goblins
  3 hobgoblins (D:1)
  2 jackals (D:2)
  3 kobolds
  A quokka (D:2)
  11 bats
  A frilled lizard (D:2)
  7 rats
51 creatures vanquished.

Notes
Turn   | Place    | Note
-------+----------+-------------------------------------------
     0 | D:1      | galech the Felid Berserker began the quest for the Orb.
     0 | D:1      | Reached XP level 1. HP: 10/10 MP: 2/2
   125 | D:1      | Reached XP level 2. HP: 1/14 MP: 3/3
  1161 | D:1      | Reached XP level 3. HP: 11/17 MP: 4/4
  1186 | D:1      | Reached ** piety under Trog
  2220 | D:2      | Reached XP level 4. HP: 7/21 MP: 5/5
  2801 | D:2      | HP: 1/21 [poisoned by an adder]
  2805 | D:2      | Succumbed to an adder's poison
  2806 | D:2      | Reached XP level 3. HP: 0/17 MP: 4/4
  2806 | D:2      | Quit the game

Skill      XL: |  1  2  3 |
---------------+----------+-----
Unarmed Combat | 4 |  4.2
Fighting       | |  3.5
Dodging        | |  4.8
Stealth        | |  0.8

Action                   |  1- 3 |  4- 6 || total
-------------------------+-------+-------++-------
Melee: Unarmed           |   150 |    42 ||   192
       Bite              |     9 |     2 ||    11
       Punch             |       |     1 ||     1
  Use: Scroll            |     2 |       ||     2
 Stab: Sleeping          |     1 |       ||     1
  Eat: Chunk             |    10 |     1 ||    11
Armor: Skin              |    13 |     1 ||    14
Dodge: Dodged            |   157 |    42 ||   199
